 Dungeon Crawl Stone Soup version 0.22-a0-877-g5c4e1af (webtiles) character file.

12 prawnwizard the Slasher (level 2, 22/22 HPs)
             Began as a Demonspawn Gladiator on July 29, 2018.
             Got out of the dungeon alive.
             The game lasted 00:00:39 (338 turns).

prawnwizard the Slasher (Demonspawn Gladiator)       Turns: 338, Time: 00:00:40

Health: 22/22      AC:  5    Str: 14    XL:     2   Next: 20%
Magic:  2/2        EV: 13    Int:  9    God:
Gold:   27         SH:  0    Dex: 14    Spells: 1/1 levels left

rFire    . . .     SeeInvis .   a - +0 long sword
rCold    . . .     Gourm    .   (no shield)
rNeg     . . .     Faith    .   b - +0 leather armour
rPois    .         Spirit   .   c - +0 helmet
rElec    .         Reflect  .   (no cloak)
rCorr    .         Harm     .   (no gloves)
MR       .....                  j - +0 pair of boots
Stlth    +.........             (no amulet)
HPRegen  0.07/turn              (no ring)
MPRegen  0.08/turn              (no ring)

@: no status effects
A: sturdy frame 1
a: no special abilities


You escaped.
You were not hungry.

You visited 1 branch of the dungeon, and saw 1 of its levels.

You collected 27 gold pieces.

Inventory:

Hand Weapons
 a - a +0 long sword (weapon)
Missiles
 d - 3 throwing nets (quivered)
Armour
 b - a +0 leather armour (worn)
 c - a +0 helmet (worn)
 j - a +0 pair of boots (worn)
Scrolls
 g - a scroll of fear {unknown}
 i - 2 scrolls of identify {unknown}
Potions
 e - a potion of flight {unknown}
Comestibles
 f - 2 rations


   Skills:
 + Level 2.1 Fighting
 * Level 3.1 Long Blades
 - Level 1.7 Throwing
 + Level 2.8 Dodging
 + Level 0.4 Stealth


You had one spell level left.
You didn't know any spells.
Your spell library was empty.

Dungeon Overview and Level Annotations

Branches:
Dungeon (1/15)

Altars:


Innate Abilities, Weirdness & Mutations

Your movements are slightly less encumbered by armour. (ER -2)


Message History

No target in view!
No target in view!
No target in view!
No target in view!
No target in view!
No target in view!
No target in view!
No target in view!
No target in view!
No target in view!
All of the chunks of flesh in your inventory have rotted away.
There is an open door here.
You open the door.
There is an open door here.
There is an escape hatch in the floor here.
There is a staircase leading out of the dungeon here.
Are you sure you want to leave the Dungeon?
This will make you lose the game!
Alright, then stay!
Are you sure you want to leave the Dungeon?
This will make you lose the game!
You have escaped!

##++## #...# #.
##....###...# #.
#......##...# #.
##....8.##...# #.
#........#...# #.
#......8.#...# #.
#...##...#...#######.
#..####..#...........
+..'@>'..'..########.
#..####..#..#####....
#...##...#...........
#.8......#..#####.###
#........#..# #.#
##.8....##[.# #.#
#......##..# #.#
##....###..# #.#
##++## #..# #.#


There were no monsters in sight!

Vanquished Creatures
  An ooze (D:1)
  A giant cockroach (D:1)
  2 goblins (D:1)
  2 hobgoblins (D:1)
  A rat (D:1)
7 creatures vanquished.

Notes
Turn   | Place    | Note
-------+----------+-------------------------------------------
     0 | D:1      | prawnwizard the Demonspawn Gladiator began the quest for the Orb.
     0 | D:1      | Reached XP level 1. HP: 16/16 MP: 1/1
   269 | D:1      | Reached skill level 3 in Long Blades
   269 | D:1      | Gained mutation: Your movements are slightly less encumbered by armour. (ER -2) [demonic ancestry]
   269 | D:1      | Reached XP level 2. HP: 22/22 MP: 2/2
   338 | D:$      | Got out of the dungeon alive.

Vault maps used:
D:1:      dpeg_arrival_refuge

Skill      XL: |  1 |
---------------+----+-----
Long Blades    | 3 |  3.1
Fighting       | |  2.1
Throwing       | |  1.7
Dodging        | |  2.8
Stealth        | |  0.4

Action                   || total
-------------------------++-------
Melee: Long sword        ||    14
 Stab: Sleeping          ||     1
Armor: Leather armour    ||     3
Dodge: Dodged            ||     7
       Rpst.: Long sword ||     4

Table legend:
 A = Spawn XP
 B = Non-spawn XP
 C = Spawn XP percentage of total XP
 D = Spawn monster count
 E = Non-spawn monster count
 F = Spawn count percentage of total count
 G = Total turns spent on level
                    A         B        C        D         E        F      G
               +---------+---------+-------+---------+---------+-------+---------
         Total |       0 |      18 |   0.0 |       0 |       7 |   0.0 |   338
               +---------+---------+-------+---------+---------+-------+---------
           D:1 |       0 |      18 |   0.0 |       0 |       7 |   0.0 |   338
               +---------+---------+-------+---------+---------+-------+---------
